 Dungeon Sprint DCSS version 0.30-a0-847-g17996783a1 (webtiles) character file.

Game seed: 69852339035660373

22136 BigDaddyOpFi the Executioner (level 12, -5/132 HPs)
             Began as a Hill Orc Fighter on Mar 3, 2023.
             Was the Champion of Qazlal.
             Slain by a white very ugly thing (20 damage)
             ... in the Dungeon (Sprint IX: "|||||||||||||||||||||||||||||").
             The game lasted 00:06:58 (3411 turns).

BigDaddyOpFi the Executioner (Hill Orc Fighter)     Turns: 3411, Time: 00:06:58

Health: -5/132     AC: 31    Str: 24    XL:     12   Next: 97%
Magic:  0/12       EV: 10    Int: 12    God:    Qazlal [******]
Gold:   629        SH: 16    Dex: 10    Spells: 11/11 levels left

rFire   . . .      SeeInvis .    B - +3 broad axe
rCold   + . .      Faith    .    c - +0 buckler
rNeg    . . .      Spirit   +    f - +2 plate armour
rPois   .          Reflect  .    E - +1 helmet
rElec   .          Rampage  .    o - +0 cloak
rCorr   .          NoTele   +    v - +0 pair of gloves
Will    .....                    D - +1 pair of boots Stlth
                                 p - amulet "Quhee" {Spirit Int+4}
HPRegen 0.42/turn                q - +2 ring of protection
MPRegen 0.13/turn                r - +2 ring of evasion

@: protected from cold, on berserk cooldown, slowed, repel missiles, very slow
A: no striking features
a: Renounce Religion, Upheaval, Elemental Force, Disaster Area


You were in the Dungeon.
You worshipped Qazlal.
Qazlal was exalted by your worship.
You visited 1 branch You collected 1264 gold pieces.
You spent 635 gold pieces at shops.

Inventory:

Hand Weapons
 e - a +3 battleaxe
 m - a +0 broad axe
 n - a +3 war axe of freezing
 B - a +3 broad axe (weapon)
Armour
 c - a +0 buckler (worn)
 f - a +2 plate armour (worn)
 o - a +0 cloak (worn)
 v - a +0 pair of gloves (worn)
 D - a +1 pair of boots (worn)
 E - a +1 helmet (worn)
Jewellery
 g - a ring of protection from cold
 p - the amulet "Quhee" (around neck) {Spirit Int+4}
   (You bought it in a shop in the Dungeon)

   [amulet of guardian spirit]

   It causes incoming damage to be divided between your reserves of health and
   magic.
   Int:       It affects your intelligence (+4).
 q - a +2 ring of protection (left hand)
 r - a +2 ring of evasion (right hand)
 x - a ring of willpower
 y - a ring of ice
 z - a ring of ice
 A - a ring of poison resistance
Wands
 w - a wand of mindburst (4)
Scrolls
 j - 3 scrolls of blinking
 l - 2 scrolls of amnesia
 t - 5 scrolls of fog
 u - a scroll of identify
Potions
 a - a potion of resistance
 b - 3 potions of brilliance
 d - 3 potions of might
 h - 4 potions of magic


   Skills:
 + Level 19.9 Fighting
 + Level 21.3 Axes
 + Level 18.4 Armour
 + Level 18.4 Shields
 * Level 0.0 Invocations


You had 11 spell levels left.
You didn't know any spells.
Your spell library contained the following spells:

 Spells                   Type           Power      Damage    Failure   Level
 Airstrike                Air            0%         2d(0-16)  100%        4
 Summon Lightning Spire   Summ/Air       0%         N/A       100%        4
 Lightning Bolt           Conj/Air       0%         1d11      100%        5


Dungeon Overview and Level Annotations

Branches:
Dungeon (1/1)

Altars:
Cheibriados
Dithmenos
Elyvilon
Fedhas
Gozag
Hepliaklqana
Kikubaaqudgha
Makhleb
Nemelex Xobeh
Okawaru
Qazlal
Ru
Sif Muna
Trog
Uskayaw
Vehumet
Wu Jian
Xom
Yredelemnul
Zin
The Shining One
Beogh
Jiyva
Lugonu

Shops:
D =[![


Message History

The spark wasp looks frightened!
The glowing orange brain easily resists.
The white very ugly thing looks frightened!
The rakshasa blinks!
Cornered, the hornet turns to fight!
Cornered, the spark wasp turns to fight!
Okay, then.
Cornered, the white ugly thing turns to fight!
Items here: ( ) [ ††.
There is an open door to the Dungeon here.
The white ugly thing attacks as you move away!
The white ugly thing trunk-slaps you but does no damage.
The white very ugly thing seems to regain its courage.
There's a creature in the doorway!
You slice the white ugly thing!!
The white ugly thing is moderately wounded.
You block the white ugly thing's attack.
You slash the white ugly thing!
The white ugly thing is heavily wounded.
The white ugly thing trunk-slaps you but does no damage.
You hit the white ugly thing.
The white ugly thing is heavily wounded.
You block the white ugly thing's attack.
The rakshasa weaves an illusion.
The white ugly thing closely misses you.
The boulder beetle leaps!
You slice the white ugly thing!!
The white ugly thing is almost dead.
You block the white ugly thing's attack.
You hit the white ugly thing.
The white ugly thing is almost dead.
The white ugly thing trunk-slaps you but does no damage.
You hit the white ugly thing.
The white ugly thing is almost dead.
The glowing orange brain pulsates.
You resist with almost no effort.
The white very ugly thing attacks as you move away!
The white very ugly thing gores you.
* * * LOW HITPOINT WARNING * * *
The white very ugly thing freezes you!! You resist.
You die...

▓.▓.▓.▓.▓.▓.▓_▓
▓.▓.▓.▓.▓.▓.▓_▓
▓!▓.▓.▓.▓.▓.▓_▓
▓.▓.▓.▓.▓.▓.▓_▓
▓.▓.▓.▓.▓.▓.▓_▓
▓.▓.▓.▓.▓.▓.▓_▓
▓.▓.▓.▓.▓.▓.▓_▓
▓.▓.▓)▓.▓.▓.▓_▓
▓@▓.▓)▓.▓†▓.▓'▓
▓u▓.▓)▓.▓†▓.▓.▓
▓u▓.▓)▓.▓†▓.▓.▓
▓y▓.▓.▓.▓†▓.▓)▓
▓y▓.▓[▓.▓.▓.▓.▓
▓R▓.▓∩▓.▓.▓.▓.▓
▓G▓.▓)▓.▓.▓.▓.▓
▓G▓.▓∩▓.▓.▓.▓.▓
▓.▓.▓.▓.▓.▓.▓.▓


You could see a white very ugly thing, a white ugly thing, a rakshasa, a spark
wasp, 2 glowing orange brains and a hornet.

Vanquished Creatures
  2 very ugly things (D)
  A hydra (D)
  A centaur warrior (D)
  A two-headed ogre (D)
  A boulder beetle (D)
  A death yak (D)
  3 orc high priests (D)
  A skyshark (D)
  16 orc knights (D)
  A deep elf pyromancer (D)
  An ugly thing (D)
  2 cyclopes (D)
  A black mamba (D)
  4 cane toads (D)
  Psyche (D)
  6 polar bears (D)
  A polar bear (shapeshifter) (D)
  2 trolls (D)
  3 blink frogs (D)
  A wraith (D)
  2 yaks (D)
  A spriggan (shapeshifter) (D)
  2 wyverns (D)
  An acid dragon (D)
  2 water moccasins (D)
  8 orc warriors (D)
  3 black bears (D)
  A wolf (D)
  3 centaurs (D)
  4 orc priests (D)
  A gnoll bouda (D)
  5 orc wizards (D)
  5 orcs (D)
  A bat (D)
  A jackal (D)
  A kobold (D)
  2 quokkas (D)
  A rat (D)
94 creatures vanquished.

Notes
Turn   | Place    | Note
-------+----------+-------------------------------------------
     0 | D        | BigDaddyOpFi the Hill Orc Fighter began the quest for the
                  | Orb.
     0 | D        | Reached XP level 1. HP: 19/19 MP: 1/1
     5 | D        | Reached skill level 3 in Axes
   138 | D        | Noticed an orc wizard
   138 | D        | Noticed a centaur
   138 | D        | Noticed an orc wizard
   138 | D        | Noticed a centaur
   149 | D        | Killed an orc wizard
   150 | D        | Reached skill level 5 in Fighting
   150 | D        | Reached skill level 4 in Axes
   150 | D        | Reached XP level 2. HP: 19/29 MP: 2/2
   150 | D        | Reached XP level 3. HP: 24/36 MP: 3/3
   171 | D        | Killed a centaur
   172 | D        | Reached skill level 6 in Axes
   172 | D        | Reached skill level 5 in Armour
   172 | D        | Reached skill level 5 in Shields
   172 | D        | Reached XP level 4. HP: 31/45 MP: 4/4
   176 | D        | Killed a centaur
   177 | D        | Reached skill level 7 in Axes
   177 | D        | Reached XP level 5. HP: 9/52 MP: 5/5
   407 | D        | Found a roughly hewn altar of Beogh.
   407 | D        | Found a snail-covered altar of Cheibriados.
   407 | D        | Found a shadowy altar of Dithmenos.
   407 | D        | Found a white marble altar of Elyvilon.
   407 | D        | Found a blossoming altar of Fedhas.
   407 | D        | Found an opulent altar of Gozag.
   408 | D        | Found a hazy altar of Hepliaklqana.
   409 | D        | Found a viscous altar of Jiyva.
   410 | D        | Found an ancient bone altar of Kikubaaqudgha.
   411 | D        | Found a corrupted altar of Lugonu.
   412 | D        | Found a burning altar of Makhleb.
   413 | D        | Found a sparkling altar of Nemelex Xobeh.
   414 | D        | Found an iron altar of Okawaru.
   415 | D        | Found a stormy altar of Qazlal.
   416 | D        | Found a sacrificial altar of Ru.
   417 | D        | Found a shimmering blue altar of Sif Muna.
   418 | D        | Found a bloodstained altar of Trog.
   419 | D        | Found a hide-covered altar of Uskayaw.
   420 | D        | Found a radiant altar of Vehumet.
   421 | D        | Found an ornate altar of the Wu Jian Council.
   422 | D        | Found a shimmering altar of Xom.
   423 | D        | Found a basalt altar of Yredelemnul.
   424 | D        | Found a glowing silver altar of Zin.
   425 | D        | Found a glowing golden altar of the Shining One.
   449 | D        | Became a worshipper of Qazlal Stormbringer
   507 | D        | Noticed a troll
   507 | D        | Noticed a centaur
   507 | D        | Noticed a wyvern
   507 | D        | Noticed an acid dragon
   507 | D        | Noticed a two-headed ogre
   511 | D        | Killed a troll
   512 | D        | Reached skill level 9 in Axes
   512 | D        | Reached XP level 6. HP: 50/63 MP: 6/6
   516 | D        | Reached skill level 10 in Axes
   516 | D        | Reached XP level 7. HP: 55/70 MP: 7/7
   522 | D        | Killed a wyvern
   522 | D        | Reached * piety under Qazlal
   523 | D        | Reached skill level 10 in Fighting
   531 | D        | Reached skill level 11 in Axes
   536 | D        | Killed a two-headed ogre
   537 | D        | Reached skill level 12 in Axes
   537 | D        | Reached skill level 10 in Armour
   537 | D        | Reached skill level 10 in Shields
   537 | D        | Reached XP level 8. HP: 22/83 MP: 8/8
   537 | D        | Reached ** piety under Qazlal
   733 | D        | Noticed a wraith
   733 | D        | Noticed a cyclops
   733 | D        | Noticed a polar bear
   733 | D        | Noticed a centaur warrior
   733 | D        | Noticed a troll
   733 | D        | Noticed a deep elf pyromancer
   735 | D        | Killed a wraith
   742 | D        | Killed a cyclops
   743 | D        | Reached skill level 13 in Axes
   743 | D        | Reached XP level 9. HP: 68/91 MP: 9/9
   746 | D        | Killed a polar bear
   746 | D        | Reached *** piety under Qazlal
   764 | D        | Killed a centaur warrior
   765 | D        | Reached skill level 14 in Axes
   768 | D        | Killed a troll
   768 | D        | Killed a deep elf pyromancer
  1299 | D        | Noticed a cane toad
  1299 | D        | Noticed a cane toad
  1305 | D        | Noticed a cane toad
  1308 | D        | Reached XP level 10. HP: 103/103 MP: 10/10
  1309 | D        | Reached **** piety under Qazlal
  1314 | D        | Noticed a cane toad
  1318 | D        | Killed a cane toad
  1319 | D        | Reached skill level 15 in Axes
  1324 | D        | Killed a cane toad
  1332 | D        | Reached ***** piety under Qazlal
  1335 | D        | Killed a cane toad
  1342 | D        | Killed a cane toad
  1343 | D        | Reached skill level 16 in Axes
  1354 | D        | Noticed a skyshark
  1354 | D        | Noticed a death yak
  1354 | D        | Noticed an eight-headed hydra
  1367 | D        | Killed a skyshark
  1368 | D        | Reached skill level 15 in Fighting
  1369 | D        | Noticed a black mamba
  1378 | D        | Killed a death yak
  1775 | D        | Killed a 13-headed hydra
  1776 | D        | Reached skill level 17 in Axes
  1776 | D        | Reached XP level 11. HP: 67/114 MP: 11/11
  1794 | D        | Reached ****** piety under Qazlal
  1932 | D        | Reached skill level 15 in Armour
  1932 | D        | Reached skill level 15 in Shields
  1980 | D        | Reached skill level 18 in Axes
  2094 | D        | Noticed Psyche
  2103 | D        | Killed Psyche
  2212 | D        | Noticed an orc knight
  2227 | D        | Killed an orc knight
  2293 | D        | Noticed an orc knight
  2296 | D        | Killed an orc knight
  2301 | D        | Noticed an orc knight
  2304 | D        | Noticed an orc knight
  2309 | D        | Noticed an orc knight
  2333 | D        | Killed an orc knight
  2350 | D        | Killed an orc knight
  2361 | D        | Killed an orc knight
  2362 | D        | Reached skill level 19 in Axes
  2690 | D        | Found Seicotes's Jewellery Emporium.
  2690 | D        | Noticed an orc knight
  2690 | D        | Noticed an orc high priest
  2690 | D        | Noticed an orc knight
  2690 | D        | Noticed an orc knight
  2690 | D        | Noticed an orc knight
  2691 | D        | Noticed an orc knight
  2693 | D        | Killed an orc knight
  2694 | D        | Reached XP level 12. HP: 127/127 MP: 12/12
  2701 | D        | Killed an orc high priest
  2702 | D        | Found Piry's Antique Armour Shoppe.
  2711 | D        | Noticed an orc high priest
  2728 | D        | Noticed a soul eater
  2736 | D        | Reached skill level 20 in Axes
  2736 | D        | Found Oble's Distillery.
  2779 | D        | Found Futesch's Armour Shoppe.
  2787 | D        | Killed an orc high priest
  2802 | D        | Noticed an orc high priest
  2809 | D        | Killed an orc high priest
  3124 | D        | Bought the amulet "Quhee" {Spirit Int+4} for 635 gold
                  | pieces
  3329 | D        | Noticed a boulder beetle
  3336 | D        | Killed a boulder beetle
  3337 | D        | Noticed a boulder beetle
  3348 | D        | Noticed a red very ugly thing
  3352 | D        | Noticed a white very ugly thing
  3355 | D        | Noticed a red very ugly thing
  3370 | D        | Reached skill level 21 in Axes
  3377 | D        | Noticed a rakshasa
  3382 | D        | Killed a red very ugly thing
  3383 | D        | Noticed a spark wasp
  3395 | D        | Killed a green very ugly thing
  3411 | D        | Slain by a white very ugly thing

Illustrated notes

Levels and vault maps discovered:
D:        linesprint [early_d, line_temple, items_1, d_10, items_2, lair_1,
          lair_end, items_3, orc_1, orc_end, items_4, d_15, swamp_1, shoals_1,
          snake_1, spider_1, d_20, vaults_1, items_5, swamp_end, shoals_end,
          snake_end, spider_end, vaults_end, d_27, items_6, zot_1, zot_end,
          crypt_end, forest_end, elf_end, slime_end, tomb_end, abyss_end,
          pan_hell_end]

Skill      XL: |  1  2  3  4  5  6  7  8  9 10 11 12 |
---------------+-------------------------------------+-----
Axes           | 4 6 7 9 10 12 13 14 17 19 21 | 21.3
Fighting       | 5 6 7 9 11 12 14 16 17 19 | 19.9
Armour         | 4 5 6 8 10 11 12 14 16 18 | 18.4
Shields        | 4 5 6 8 10 11 12 14 16 18 | 18.4

Action                     |  1- 3 |  4- 6 |  7- 9 | 10-12 || total
---------------------------+-------+-------+-------+-------++-------
  Melee: War axe           |    36 |    11 |    64 |   352 ||   463
         Broad axe         |       |       |       |    71 ||    71
  Evoke: Wand              |       |       |       |    10 ||    10
    Use: Potion            |     2 |       |       |    14 ||    16
         Scroll            |       |       |     2 |     5 ||     7
   Stab: Invisible         |       |       |       |     1 ||     1
 Armour: Scale mail        |    29 |     2 |       |       ||    31
         Chain mail        |       |     5 |    29 |    88 ||   122
         Plate armour      |       |       |       |    11 ||    11
  Dodge: Dodged            |    23 |     8 |    28 |    84 ||   143
  Block: Buckler           |    16 |     5 |    27 |   207 ||   255

Table legend: (Time is in decaauts)
 A = Elapsed time spent in this place.
 B = Non-inter-level travel time spent in this place.
 C = Inter-level travel time spent in this place.
 D = Time resting spent in this place.
 E = Time spent auto-exploring this place.
 F = Levels seen in this place.
 G = Mean time per level.
                   A        B        C        D        E       F      G
               +--------+--------+--------+--------+--------+-----+--------+
         Total |   3295 |   3295 |      0 |   2059 |      0 |   1 | 3295.0 |
       Dungeon |   3295 |   3295 |      0 |   2059 |      0 |   1 | 3295.0 |
               +--------+--------+--------+--------+--------+-----+--------+

Top non-repeatable levels by time:
       D: 3295 daAuts
